 Dungeon Sprint DCSS version 0.23.1 (webtiles) character file.

Game seed: 7512235955698328894

3089 nuthulu the Bludgeoner (level 9, -2/96 HPs)
             Began as an Ogre Fighter on Mar 12, 2019.
             Was a High Priest of Yredelemnul.
             Shot with a bolt by a yaktaur (22 damage)
             ... in the Dungeon (Sprint V: "Ziggurat Sprint").
             The game lasted 00:03:48 (985 turns).

nuthulu the Bludgeoner (Ogre Fighter)                Turns: 985, Time: 00:03:49

Health: -2/96      AC: 18    Str: 35    XL:     9   Next: 89%
Magic:  9/9        EV:  6    Int:  9    God:    Yredelemnul [*****.]
Gold:   0          SH:  0    Dex: 15    Spells: 8/8 levels left

rFire    + + .     SeeInvis .   l - +5 giant spiked club
rCold    + + .     Gourm    .   (shield currently unavailable)
rNeg     . . .     Faith    .   c - +5 gold dragon scales
rPois    +         Spirit   .   (helmet restricted)
rElec    +         Reflect  .   (no cloak)
rCorr    +         Harm     .   (gloves unavailable)
MR       .....     NoTele   +   (boots unavailable)
Stlth    ..........             H - amulet of the acrobat
HPRegen  0.26/turn              t - +6 ring of strength
MPRegen  0.11/turn              q - +6 ring of dexterity

@: mighty, resistant, hasted, studying Invocations, very quick
A: large, unfitting armour, tough skin 1
a: Recall Undead Slaves, Injury Mirror, Animate Dead, Drain Life, Enslave Soul,
Renounce Religion


You were in the Dungeon.
You worshipped Yredelemnul.
Yredelemnul was extremely pleased with you.
You were not hungry.

You visited 1 branch

Inventory:

Hand Weapons
 a - a +0 flail
 l - a +5 giant spiked club (weapon)
Armour
 b - a +0 robe
 c - +5 gold dragon scales (worn)
Jewellery
 p - a +6 ring of dexterity
 q - a +6 ring of dexterity (right hand)
 r - a +6 ring of intelligence
 s - a +6 ring of intelligence
 t - a +6 ring of strength (left hand)
 u - a +6 ring of strength
 E - the ring of Diguper {+Fly rPois}
   (You found it in the Dungeon)

   [ring of flight]

   It protects you from poison.
   It lets you fly.
 G - an uncursed ring of positive energy
 H - an amulet of the acrobat (around neck)
Wands
 m - a wand of disintegration (7)
 n - a wand of iceblast (7)
 o - a wand of acid (7)
Scrolls
 k - 4 scrolls of blinking
 v - 4 scrolls of amnesia
 w - 7 scrolls of fog
 x - a scroll of holy word
 y - 5 scrolls of identify
 z - 5 scrolls of remove curse
 A - 2 scrolls of fear
Potions
 d - 4 potions of might
 e - 9 potions of curing
 g - 8 potions of heal wounds
 h - 3 potions of haste
 i - 7 potions of magic
 j - 3 potions of berserk rage
 B - 2 potions of brilliance
 C - a potion of invisibility
 D - 3 potions of resistance
 F - 5 potions of agility
Books
 I - a manual of Invocations
Comestibles
 f - 7 rations


   Skills:
 - Level 8.1 Fighting
 * Level 18.0 Maces & Flails
 - Level 5.5 Dodging
   Level 2.6 Shields


You had 8 spell levels left.
You didn't know any spells.
Your spell library was empty.

Dungeon Overview and Level Annotations

Branches:
Dungeon (1/1)

Altars:
Ashenzari
Cheibriados
Dithmenos
Elyvilon
Fedhas
Gozag
Hepliaklqana
Kikubaaqudgha
Makhleb
Nemelex Xobeh
Okawaru
Qazlal
Ru
Sif Muna
Trog
Uskayaw
Vehumet
Wu Jian
Xom
Yredelemnul
Zin
The Shining One
Beogh
Jiyva
Lugonu

Annotations:
D 1 transporter


Innate Abilities, Weirdness & Mutations

You are too large for most types of armour.
You have tough skin. (AC +1)


Message History

Yredelemnul appreciates your killing of a holy being.
Your Maces & Flails skill gained 2 levels and is now at level 18!
Yredelemnul grants you a wight! Something completely misses you.
The fire dragon closely misses you.
The fire dragon claws you but does no damage.
The fire dragon tramples you.
* * * LOW HITPOINT WARNING * * *
You hold your ground!
The spriggan hits you but does no damage.
The great orb of eyes gazes at you.
You barely resist.
Your wight hits the vault guard from afar with a +3 spear!
You skewer the vault guard like a kebab!!!
The vault guard is almost dead.
The yaktaur shoots a bolt.
The bolt hits you.
* * * LOW HITPOINT WARNING * * *
Your wight misses the fire dragon.
The yaktaur wields a +0 arbalest.
The yaktaur shoots a bolt.
The bolt hits you!!
You die...
Your body rises from the dead as a mindless zombie.

▓.▓...▓.▓
▓...©...▓
▓▓▓▓▓▓▓▓▓
▓..8©8..▓
▓..:)|..▓
▓..).)..▓
▓.z.cp..▓
▓.cD..G.▓
▓..§@p..▓
▓.z§zi..▓
▓.▓...▓(▓
▓...©(..▓
▓▓▓▓▓▓▓▓▓


You could see a fire dragon, a vault guard, a great orb of eyes, an ironbrand
convoker, 2 yaktaurs, a spriggan and 3 friendly wights.

Vanquished Creatures
  An ophan (D)
  An ugly thing (D)
  2 spriggans (D)
  3 nagas (D)
  A naga (shapeshifter) (D)
  A water moccasin (D)
  A water moccasin (shapeshifter) (D)
  A black bear (D)
  3 phantoms (D)
  5 necrophages (D)
  A bullfrog (shapeshifter) (D)
  A wight (D)
  An adder (D)
  2 bat skeletons (D)
  A quokka skeleton (D)
25 creatures vanquished.

Vanquished Creatures (collateral kills)
  An adder (D)
1 creature vanquished.

Vanquished Creatures (others)
  A spatial maelstrom (D)
  2 wights (D)
  A mummy (D)
  A leopard gecko simulacrum (D)
5 creatures vanquished.

Grand Total: 31 creatures vanquished

Notes
Turn   | Place    | Note
-------+----------+-------------------------------------------
     0 | D        | Found the +6 Majin-Bo {vamp, Archmagi MP+6 Int+6}
     0 | D        | Found the +7 great mace "Firestarter" {inner flame, rF++}
     0 | D        | nuthulu the Ogre Fighter began the quest for the Orb.
     0 | D        | Reached XP level 1. HP: 24/24 MP: 1/1
     2 | D        | Banished a spatial maelstrom
     3 | D        | Found a blossoming altar of Fedhas.
     6 | D        | Found a viscous altar of Jiyva.
     6 | D        | Found a hazy altar of Hepliaklqana.
     6 | D        | Found a transporter.
     6 | D        | Found an opulent altar of Gozag.
     6 | D        | Found an ancient bone altar of Kikubaaqudgha.
     6 | D        | Found a corrupted altar of Lugonu.
    12 | D        | Found a burning altar of Makhleb.
    20 | D        | Found an iron altar of Okawaru.
    20 | D        | Found a stormy altar of Qazlal.
    20 | D        | Found a sparkling altar of Nemelex Xobeh.
    20 | D        | Found a sacrificial altar of Ru.
    20 | D        | Found a deep blue altar of Sif Muna.
    25 | D        | Found the +6 shillelagh "Devastator" {shatter}
    25 | D        | Found the +11 plutonium sword {*Contam Stlth-}
    25 | D        | Found the +8 lance "Wyrmbane" {slay drac, rPois rF+ rC+
                  | AC+3}
    25 | D        | Found the +9 sword of Zonguldrok {reap}
    25 | D        | Found the cursed +13 scythe of Curses {drain, *Curse}
    25 | D        | Found the +0 sword of Power
    25 | D        | Found the +7 Singing Sword {slice, sonic wave}
    25 | D        | Found the +7 longbow "Piercer" {penet, EV-2}
    26 | D        | Found the +9 heavy crossbow "Sniper" {velocity, Acc+∞ SInv}
    26 | D        | Found the +10 dark maul {crush}
    26 | D        | Found the +15 Maxwell's patent armour {-Cast -Tele rElec
                  | MR+ rCorr}
    26 | D        | Found the +18 shield of the Gong {rElec rN+ MR+ EV-5}
    26 | D        | Found the cursed +14 obsidian axe {chop, +Fly SInv *Curse}
    27 | D        | Found a bloodstained altar of Trog.
    34 | D        | Banished a spatial maelstrom
    66 | D        | Reached skill level 7 in Maces & Flails
    66 | D        | Reached XP level 2. HP: 32/32 MP: 2/2
    73 | D        | Became a worshipper of Yredelemnul the Dark
    86 | D        | Entered arena 2.
    86 | D        | Noticed a necrophage
    86 | D        | Noticed a necrophage
    86 | D        | Found a transporter.
    91 | D        | Killed a necrophage
    91 | D        | Reached XP level 3. HP: 39/45 MP: 3/3
    91 | D        | Reached XP level 4. HP: 46/53 MP: 4/4
    99 | D        | Killed a necrophage
    99 | D        | Reached skill level 8 in Maces & Flails
    99 | D        | Reached skill level 5 in Dodging
    99 | D        | Reached XP level 5. HP: 44/63 MP: 5/5
   199 | D        | Entered arena 3.
   199 | D        | Noticed a spriggan
   199 | D        | Noticed a spriggan
   199 | D        | Noticed a black bear
   199 | D        | Found a transporter.
   212 | D        | Killed a black bear
   212 | D        | Reached * piety under Yredelemnul
   212 | D        | Reached skill level 10 in Maces & Flails
   212 | D        | Reached XP level 6. HP: 48/72 MP: 6/6
   219 | D        | Killed a spriggan
   219 | D        | Reached skill level 11 in Maces & Flails
   222 | D        | Killed a spriggan
   222 | D        | Reached skill level 12 in Maces & Flails
   222 | D        | Reached XP level 7. HP: 29/80 MP: 7/7
   295 | D        | Got the ring of Diguper {+Fly rPois}
   454 | D        | Entered arena 4.
   454 | D        | Found a transporter.
   456 | D        | Reached ** piety under Yredelemnul
   469 | D        | Reached skill level 13 in Maces & Flails
   478 | D        | Entered arena 5.
   478 | D        | Noticed a naga
   478 | D        | Noticed a green ugly thing
   478 | D        | Found a transporter.
   479 | D        | Noticed a naga
   479 | D        | a swamp drake changed into a naga
   481 | D        | Noticed a fire bat
   481 | D        | a worm changed into a fire bat
   489 | D        | Killed a naga
   489 | D        | Reached *** piety under Yredelemnul
   489 | D        | Reached XP level 8. HP: 51/88 MP: 8/8
   496 | D        | Killed a green ugly thing
   496 | D        | Reached skill level 14 in Maces & Flails
   498 | D        | Reached skill level 15 in Maces & Flails
   501 | D        | Received a gift from Yredelemnul (a wight)
   763 | D        | Entered arena 6.
   763 | D        | Found a transporter.
   765 | D        | Reached **** piety under Yredelemnul
   769 | D        | Reached XP level 9. HP: 96/96 MP: 9/9
   781 | D        | Entered arena 7.
   782 | D        | Found a transporter.
   784 | D        | Reached skill level 16 in Maces & Flails
   786 | D        | Reached ***** piety under Yredelemnul
   786 | D        | Received a gift from Yredelemnul (a wight)
   786 | D        | Received a gift from Yredelemnul (a wight)
   797 | D        | Received a gift from Yredelemnul (a mummy)
   970 | D        | Entered arena 8.
   970 | D        | Noticed a yaktaur
   970 | D        | Noticed an ironbrand convoker
   970 | D        | Noticed a vault guard
   970 | D        | Noticed a yaktaur
   970 | D        | Noticed a fire dragon
   971 | D        | Found a transporter.
   973 | D        | Noticed an ophan
   973 | D        | Noticed a lich
   973 | D        | Noticed a great orb of eyes
   979 | D        | Received a gift from Yredelemnul (a wight)
   984 | D        | Killed an ophan
   984 | D        | Reached skill level 18 in Maces & Flails
   984 | D        | Received a gift from Yredelemnul (a wight)
   985 | D        | Shot with a bolt by a yaktaur

Skill      XL: |  1  2  3  4  5  6  7  8  9 |
---------------+----------------------------+-----
Maces & Flails | 7 8 10 12 13 15 18 | 18.0
Fighting       | 6 8 |  8.1
Dodging        | 4 5 |  5.5
Shields        | |  2.6

Action                   |  1- 3 |  4- 6 |  7- 9 || total
-------------------------+-------+-------+-------++-------
Melee: Giant spiked club |     4 |    27 |    56 ||    87
  Use: Potion            |     1 |     3 |     7 ||    11
 Stab: Invisible         |       |       |     1 ||     1
Armor: Gold dragon scale |     6 |    52 |    73 ||   131
Dodge: Dodged            |       |    14 |    31 ||    45
